 Dungeon Crawl Stone Soup version 0.22-b1-21-g5cfc168 (webtiles) character file.

51 Lilu the Conjurer (level 3, -9/19 HPs)
             Began as a Deep Elf Conjurer on Aug 5, 2018.
             Killed by divine providence
             ... invoked by an orc priest
              (14 damage)
             ... on level 4 of the Dungeon.
             The game lasted 00:04:09 (1314 turns).

Lilu the Conjurer (Deep Elf Conjurer)               Turns: 1314, Time: 00:04:09

Health: -9/19      AC:  2    Str:  6    XL:     3   Next: 57%
Magic:  9/9        EV: 13    Int: 19    God:
Gold:   49         SH:  0    Dex: 15    Spells: 5/8 levels left

rFire    . . .     SeeInvis .   m - +2 quarterstaff (protect)
rCold    + . .     Gourm    .   (shield currently unavailable)
rNeg     . . .     Faith    .   a - +0 robe
rPois    .         Spirit   .   (no helmet)
rElec    .         Reflect  .   (no cloak)
rCorr    .         Harm     .   (no gloves)
MR       .....                  (no boots)
Stlth    ++........             (no amulet)
HPRegen  0.06/turn              h - ring of protection from cold
MPRegen  0.11/turn              (no ring)

@: no status effects
A: no striking features
a: no special abilities


You were on level 4 of the Dungeon.
You were not hungry.

You visited 1 branch of the dungeon, and saw 3 of its levels.

You collected 49 gold pieces.

Inventory:

Hand Weapons
 j - a +0 mace
 m - a +2 quarterstaff of protection (weapon)
Missiles
 i - 31 arrows
Armour
 a - a +0 robe (worn)
Jewellery
 h - a ring of protection from cold (left hand)
Scrolls
 d - 2 scrolls of amnesia {unknown}
 g - a scroll of remove curse {unknown}
 n - a scroll of enchant armour {unknown}
 p - 3 scrolls of enchant weapon {unknown}
 q - a scroll of magic mapping {unknown}
 r - a scroll of identify {unknown}
 t - a scroll of fear {unknown}
Potions
 e - a potion of flight {unknown}
 f - a potion of resistance {unknown}
 k - a potion of lignification {unknown}
 l - a potion of might {unknown}
 o - a potion of haste {unknown}
 s - a potion of curing {unknown}
Comestibles
 b - 2 chunks of flesh
 c - 2 rations


   Skills:
 - Level 2.4 Dodging
 - Level 2.4 Stealth
 - Level 3.0 Spellcasting
 + Level 5.9 Conjurations


You had 5 spell levels left.
You knew the following spells:

 Your Spells              Type           Power        Failure   Level  Hunger
a - Magic Dart            Conj           ####         1%          1    None
b - Searing Ray           Conj           ####..       1%          2    ##.....

Your spell library contained the following spells:

 Spells                   Type           Power        Failure   Level  Hunger
 Iskenderun's Mystic Bla  Conj           ####....     13%         4    ####...
 Fulminant Prism          Conj/Hex       ##........   41%         4    ####...
 Dazzling Spray           Conj/Hex       ##....       14%         3    ###....
 Force Lance              Conj/Tloc      ##......     41%         4    ####...


Dungeon Overview and Level Annotations

Branches:
Dungeon (2/15)

Altars:
Sif Muna


Message History

The giant cockroach bites you but does no damage.
An orc comes into view.
An orc priest comes into view. It is wielding a dagger.
The giant cockroach closely misses you.
The orc priest moves out of view.
The orc shouts!
You hit the giant cockroach.
Your weapon exudes an aura of protection.
You kill the giant cockroach!
You hear a shout!
The orc priest shouts!
You hear a shout!
An orc wizard comes into view. It is wielding a dagger.
The orc wizard gestures at you while chanting.
The puff of flame hits you!
The orc wizard hits you but does no damage.
You closely miss the orc wizard. The orc wizard barely misses you.
You miss the orc wizard. The orc wizard hits you with a dagger.
* * * LOW HITPOINT WARNING * * *
The orc priest invokes the aid of Beogh against you.
Beogh smites you!
Ouch! That really hurt!
You die...

#.# #.# #.# #.#
####.# #....# ##
#..#.## ..
##.#..###.#..#
#..o.o@......#
#...####o####..#
###.##.....##
#o#.......#
..#..)....#
#.....O.....#
#.#.....?.#.#
#.#.......#.# #
##.....## #


You could see an ogre, an orc priest, an orc wizard and an orc.

Vanquished Creatures
  An adder (D:2)
  2 oozes (D:1)
  2 dart slugs (D:1)
  An orc (D:4)
  4 giant cockroaches
  A goblin (D:1)
  4 hobgoblins (D:1)
  2 jackals (D:2)
  2 bats (D:2)
  2 frilled lizards
  4 kobolds
  4 rats
29 creatures vanquished.

Notes
Turn   | Place    | Note
-------+----------+-------------------------------------------
     0 | D:1      | Lilu the Deep Elf Conjurer began the quest for the Orb.
     0 | D:1      | Reached XP level 1. HP: 10/10 MP: 6/6
   173 | D:1      | Reached XP level 2. HP: 15/15 MP: 2/8
   440 | D:1      | Reached skill level 5 in Conjurations
   807 | D:2      | Reached XP level 3. HP: 18/19 MP: 3/9
   872 | D:2      | Noticed an ogre
   893 | D:1      | Learned a level 2 spell: Searing Ray
  1284 | D:2      | You fall through a shaft for 2 floors!
  1284 | D:4      | Found a deep blue altar of Sif Muna.
  1290 | D:4      | Noticed an ogre
  1314 | D:4      | Killed from afar by an orc priest

Skill      XL: |  1  2 |
---------------+-------+-----
Conjurations   | 5 |  5.9
Dodging        | |  2.4
Stealth        | |  2.4
Spellcasting   | |  3.0

Action                   || total
-------------------------++-------
Melee: Quarterstaff      ||     9
 Cast: Magic Dart        ||    62
 Stab: Sleeping          ||     1
  Eat: Chunk             ||     1
Armor: Robe              ||     4
Dodge: Dodged            ||    15
